 Dungeon Sprint DCSS version 0.28-a0-691-gad6df49e81 (webtiles) character file.

Game seed: 16116715460349268996

8800000 ytrimaz the Conqueror (level 27, -105/323 HPs)
             Began as an Ogre Monk on Oct 22, 2021.
             Was the Champion of Makhleb.
             Killed from afar by an observer (113 damage)
             ... with a fireball
             ... in the Dungeon (Sprint VIII: "Arena of Blood").
             The game lasted 00:03:47 (88 turns).

ytrimaz the Conqueror (Ogre Monk)                     Turns: 88, Time: 00:03:48

Health: -105/323   AC:  5    Str: 32    XL:     27
Magic:  31/54      EV: 20    Int: 11    God:    Makhleb [******]
Gold:   0          SH:  0    Dex: 11    Spells: 80/80 levels left

rFire   . . .      SeeInvis .   h - +∞ Axe of Woe
rCold   . . .      Faith    .   (shield currently unavailable)
rNeg    . . .      Spirit   .   a - +0 robe
rPois   .          Reflect  .   (helmet restricted)
rElec   .          Harm     .   (no cloak)
rCorr   .          Rampage  .   (gloves unavailable)
Will    ++...      NoTele   +   (boots unavailable)
Stlth   +++++++++.              (no amulet)
HPRegen 0.63/turn               (no ring)
MPRegen 0.34/turn               (no ring)

@: no status effects
A: large, unfitting armour, tough skin 1
a: Renounce Religion, Minor Destruction, Lesser Servant of Makhleb, Major
Destruction, Greater Servant of Makhleb


You were in the Dungeon.
You worshipped Makhleb.
Makhleb was exalted by your worship.
You visited 1 branch

Inventory:

Hand Weapons
 h - the +∞ Axe of Woe (weapon)
   (You found it in the Dungeon)
Armour
 a - a +0 robe (worn)
Scrolls
 g - a scroll of blinking
Potions
 b - a potion of curing
 d - a potion of haste
 e - 2 potions of magic
 f - a potion of berserk rage


   Skills:
 O Level 27 Fighting
 + Level 24.9(27) Short Blades
 + Level 22.6(27) Long Blades
 O Level 27 Axes
 + Level 22.6(27) Maces & Flails
 + Level 24.4(27) Polearms
 + Level 24.4(27) Staves
 + Level 19.4(22.5) Slings
 + Level 19.4 Bows
 + Level 19.4 Crossbows
 + Level 24.4(27) Throwing
 O Level 27 Armour
 O Level 27 Dodging
 O Level 27 Stealth
 + Level 22.6 Shields
 O Level 27 Unarmed Combat
 O Level 27 Spellcasting
 + Level 22.6 Conjurations
 + Level 24.9 Hexes
 + Level 24.9 Summonings
 + Level 24.9 Necromancy
 + Level 24.9 Translocations
 + Level 24.9 Transmutations
 + Level 24.9 Fire Magic
 + Level 24.9 Ice Magic
 + Level 24.9 Air Magic
 + Level 24.9 Earth Magic
 + Level 24.9 Poison Magic
 O Level 27 Invocations
 + Level 23.1 Evocations


You had 80 spell levels left.
You didn't know any spells.
Your spell library was empty.

Dungeon Overview and Level Annotations

Branches:
Dungeon (1/1)

Altars:
Makhleb


Innate Abilities, Weirdness & Mutations

You are too large for most types of armour.
You have tough skin. (AC +1)


Message History

Makhleb accepts your kill.
You feel better.
You slice the bag of meat!!
You fatally mangle the bag of meat.
You blow up the bag of meat!
Makhleb accepts your kill.
You feel better.
You feel extremely nervous for a moment...
Your body is wracked with pain!
* * * LOW HITPOINT WARNING * * *
You are engulfed in blazing flames.
* * * LOW HITPOINT WARNING * * *
You hear a shout! x4
The destroyer gestures at you while chanting.
The destroyer blinks!
The tyrant mumbles some strange words.
You hear a shout!
The meat berserker rages.
You hear a shout! x2
Your Evocations skill increases to level 23!
Unknown command.
Unknown command.
You swing at nothing.
You are engulfed in blazing flames.
* * * LOW HITPOINT WARNING * * *
You hear a shout!
The eight-headed meat hydra calls on the powers of darkness!
The eight-headed meat hydra convulses!
The bag of meat convulses! x5
Something is bathed in an unholy light!
The bag of meat convulses!
Your body is wracked with pain!
* * * LOW HITPOINT WARNING * * *
The meat berserker convulses!
The bag of meat convulses! x2
The eight-headed meat hydra convulses! x2
The meat berserker rages.
The destroyer gestures at you while chanting.
The destroyer blinks!
You hear a shout!
You feel something staring at you.
A fireball appears from out of thin air!
The fireball explodes!
Deactivating autopickup; reactivate with Ctrl-A.
The fireball engulfs you!!!!
You die...

.....o......###)......
....#...oo..○☼).......
...#.....Oo#.))))#.....
#.....o.o..#°)<)_# .z.
...#..oM...#).)..#. .
.....#.)))z)z._§.....
.....zo))OM..###......
.....DDO###)......###.
.....ooM☼@#.......#
.°..o§o°°§#.......#
.#.o..o○○§.........
#.#.#...ooDM.......
.#.#...............
#.#.#{......§V....
.#.#....X#......
......L........


You could see 2 accurseds, a tyrant, 3 eight-headed meat hydras, a destroyer, a
sculptor of flesh, a large abomination (summoned), a meat berserker (berserk)
and 9 bags of meat.

Vanquished Creatures
  10 vampire knights (D)
  31 ogres (D)
  8 two-headed ogres (D)
  3 liches (D)
  2 hydras (D)
  4 hell beasts (D)
  58 orcs (D)
  A phantom (D)
  5 skeletal warriors (D)
  3 royal mummies (D)
  A wraith (D)
126 creatures vanquished.

Vanquished Creatures (others)
  An orc (D)
1 creature vanquished.

Grand Total: 127 creatures vanquished

Notes
Turn   | Place    | Note
-------+----------+-------------------------------------------
     0 | D        | Found the +∞ Axe of Woe
     0 | D        | ytrimaz the Ogre Monk began the quest for the Orb.
     0 | D        | Reached XP level 1. HP: 24/24 MP: 1/1
     3 | D        | Became a worshipper of Makhleb the Destroyer
     3 | D        | Reached * piety under Makhleb
     3 | D        | Reached ** piety under Makhleb
     3 | D        | Noticed a bag of meat
     6 | D        | Noticed a bag of meat
     8 | D        | Noticed a bag of meat
     8 | D        | Noticed a bag of meat
    10 | D        | Killed a bag of meat
    10 | D        | Noticed a meat berserker
    11 | D        | Reached skill level 5 in Stealth
    11 | D        | Reached XP level 2. HP: 65/65 MP: 2/2
    11 | D        | Reached XP level 3. HP: 74/74 MP: 3/3
    11 | D        | Reached XP level 4. HP: 83/83 MP: 4/4
    11 | D        | Reached XP level 5. HP: 91/91 MP: 5/5
    11 | D        | Reached XP level 6. HP: 101/101 MP: 6/6
    11 | D        | Reached XP level 7. HP: 109/109 MP: 7/7
    11 | D        | Reached XP level 8. HP: 118/118 MP: 8/8
    11 | D        | Reached XP level 9. HP: 127/127 MP: 9/9
    11 | D        | Reached XP level 10. HP: 136/136 MP: 10/10
    11 | D        | Reached XP level 11. HP: 145/145 MP: 11/11
    12 | D        | Killed a bag of meat
    12 | D        | Killed a bag of meat
    12 | D        | Noticed a meat berserker
    13 | D        | Reached skill level 5 in Axes
    13 | D        | Reached skill level 15 in Dodging
    13 | D        | Reached skill level 15 in Unarmed Combat
    13 | D        | Reached XP level 12. HP: 162/162 MP: 11/23
    13 | D        | Noticed a meat berserker
    13 | D        | Killed a meat berserker
    13 | D        | Reached *** piety under Makhleb
    13 | D        | Killed a bag of meat
    13 | D        | Noticed a meat berserker
    13 | D        | Noticed a bag of meat
    14 | D        | Reached skill level 10 in Stealth
    14 | D        | Reached XP level 13. HP: 178/178 MP: 11/28
    14 | D        | Reached XP level 14. HP: 187/187 MP: 11/29
    14 | D        | Killed a meat berserker
    14 | D        | Killed a meat berserker
    14 | D        | Reached **** piety under Makhleb
    14 | D        | Noticed a bag of meat
    14 | D        | Noticed a bag of meat
    14 | D        | Noticed a bag of meat
    15 | D        | Reached skill level 10 in Axes
    15 | D        | Reached XP level 15. HP: 202/202 MP: 11/33
    16 | D        | Noticed a large bag of meat
    16 | D        | Noticed a meat berserker
    17 | D        | Killed a meat berserker
    18 | D        | Reached skill level 27 in Fighting
    18 | D        | Reached skill level 15 in Spellcasting
    18 | D        | Reached skill level 15 in Invocations
    18 | D        | Reached ***** piety under Makhleb
    19 | D        | Reached XP level 16. HP: 172/217 MP: 12/36
    19 | D        | Killed a meat berserker
    20 | D        | Reached skill level 15 in Stealth
    20 | D        | Noticed a large bag of meat
    20 | D        | Noticed a destroyer
    21 | D        | Noticed a meat berserker
    22 | D        | Reached skill level 15 in Axes
    22 | D        | Reached XP level 17. HP: 226/226 MP: 13/39
    22 | D        | Noticed a large bag of meat
    22 | D        | Killed a destroyer
    22 | D        | Killed a large bag of meat
    22 | D        | Reached ****** piety under Makhleb
    25 | D        | Reached XP level 18. HP: 185/236 MP: 14/43
    25 | D        | Killed a meat berserker
    25 | D        | Noticed an eight-headed meat hydra
    26 | D        | Killed a large bag of meat
    26 | D        | Noticed a destroyer
    26 | D        | Noticed a destroyer
    27 | D        | Reached XP level 19. HP: 199/245 MP: 15/47
    27 | D        | Noticed an eight-headed meat hydra
    29 | D        | Killed a nine-headed meat hydra
    29 | D        | Killed a large bag of meat
    29 | D        | Killed a nine-headed meat hydra
    29 | D        | Killed a destroyer
    29 | D        | Noticed a large bag of meat
    30 | D        | Noticed a sculptor of flesh
    30 | D        | Noticed a large bag of meat
    31 | D        | Noticed a meat berserker
    31 | D        | Noticed a sculptor of flesh
    32 | D        | Noticed a meat berserker
    33 | D        | Killed a destroyer
    33 | D        | Killed a large bag of meat
    34 | D        | Reached skill level 27 in Axes
    34 | D        | Reached skill level 27 in Spellcasting
    34 | D        | Reached skill level 27 in Invocations
    34 | D        | Reached XP level 20. HP: 213/256 MP: 16/51
    34 | D        | Noticed a meat berserker
    36 | D        | Noticed a large bag of meat
    37 | D        | Noticed a meat berserker
    37 | D        | Killed a meat berserker
    37 | D        | Noticed a meat berserker
    37 | D        | Noticed a destroyer
    38 | D        | Reached skill level 27 in Unarmed Combat
    39 | D        | Killed a meat berserker
    39 | D        | Killed a destroyer
    40 | D        | Reached skill level 27 in Dodging
    40 | D        | Reached XP level 21. HP: 265/265 MP: 18/52
    40 | D        | Noticed a meat berserker
    41 | D        | Killed a meat berserker
    41 | D        | Killed a meat berserker
    41 | D        | Noticed a meat berserker
    42 | D        | Reached skill level 27 in Armour
    42 | D        | Reached skill level 27 in Stealth
    42 | D        | Noticed a meat berserker
    42 | D        | Noticed a meat berserker
    43 | D        | Reached skill level 5 in Short Blades
    43 | D        | Reached skill level 5 in Polearms
    43 | D        | Reached skill level 5 in Staves
    43 | D        | Reached skill level 5 in Throwing
    43 | D        | Reached skill level 5 in Hexes
    43 | D        | Reached skill level 5 in Summonings
    43 | D        | Reached skill level 5 in Necromancy
    43 | D        | Reached skill level 5 in Translocations
    43 | D        | Reached skill level 5 in Transmutations
    43 | D        | Reached skill level 5 in Fire Magic
    43 | D        | Reached skill level 5 in Ice Magic
    43 | D        | Reached skill level 5 in Air Magic
    43 | D        | Reached skill level 5 in Earth Magic
    43 | D        | Reached skill level 5 in Poison Magic
    43 | D        | Noticed an accursed
    43 | D        | Noticed a destroyer
    43 | D        | Noticed a meat berserker
    44 | D        | Noticed an accursed
    44 | D        | Noticed a meat berserker
    45 | D        | Reached skill level 5 in Slings
    45 | D        | Reached skill level 5 in Bows
    45 | D        | Reached skill level 5 in Crossbows
    45 | D        | Reached XP level 22. HP: 275/275 MP: 19/53
    45 | D        | Noticed a destroyer
    47 | D        | Killed a destroyer
    47 | D        | Noticed a destroyer
    48 | D        | Reached skill level 10 in Short Blades
    48 | D        | Reached skill level 10 in Polearms
    48 | D        | Reached skill level 10 in Staves
    48 | D        | Reached skill level 10 in Throwing
    48 | D        | Reached skill level 10 in Hexes
    48 | D        | Reached skill level 10 in Summonings
    48 | D        | Reached skill level 10 in Necromancy
    48 | D        | Reached skill level 10 in Translocations
    48 | D        | Reached skill level 10 in Transmutations
    48 | D        | Reached skill level 10 in Fire Magic
    48 | D        | Reached skill level 10 in Ice Magic
    48 | D        | Reached skill level 10 in Air Magic
    48 | D        | Reached skill level 10 in Earth Magic
    48 | D        | Reached skill level 10 in Poison Magic
    48 | D        | Reached XP level 23. HP: 196/284 MP: 20/54
    49 | D        | Reached skill level 10 in Long Blades
    49 | D        | Reached skill level 10 in Maces & Flails
    49 | D        | Reached skill level 10 in Shields
    49 | D        | Reached skill level 10 in Conjurations
    49 | D        | Reached skill level 10 in Evocations
    49 | D        | Killed a destroyer
    50 | D        | Reached XP level 24. HP: 295/295 MP: 21/54
    50 | D        | Noticed an accursed
    51 | D        | Killed a large bag of meat
    52 | D        | Reached skill level 10 in Slings
    52 | D        | Reached skill level 10 in Bows
    52 | D        | Reached skill level 10 in Crossbows
    52 | D        | Noticed a tyrant
    53 | D        | Reached XP level 25. HP: 78/304 MP: 22/54
    54 | D        | Reached skill level 15 in Short Blades
    54 | D        | Reached skill level 15 in Hexes
    54 | D        | Reached skill level 15 in Summonings
    54 | D        | Reached skill level 15 in Necromancy
    54 | D        | Reached skill level 15 in Translocations
    54 | D        | Reached skill level 15 in Transmutations
    54 | D        | Reached skill level 15 in Fire Magic
    54 | D        | Reached skill level 15 in Ice Magic
    54 | D        | Reached skill level 15 in Air Magic
    54 | D        | Reached skill level 15 in Earth Magic
    54 | D        | Reached skill level 15 in Poison Magic
    55 | D        | Reached skill level 15 in Polearms
    55 | D        | Reached skill level 15 in Staves
    55 | D        | Reached skill level 15 in Throwing
    56 | D        | Noticed a meat beast
    57 | D        | Noticed a tyrant
    58 | D        | Noticed a dread
    59 | D        | Reached skill level 15 in Evocations
    60 | D        | Killed a tyrant
    61 | D        | Reached skill level 15 in Long Blades
    61 | D        | Reached skill level 15 in Maces & Flails
    61 | D        | Reached skill level 15 in Shields
    61 | D        | Reached skill level 15 in Conjurations
    61 | D        | Reached XP level 26. HP: 162/314 MP: 24/54
    62 | D        | Noticed an accursed
    62 | D        | Noticed a tyrant
    63 | D        | Killed a meat beast
    63 | D        | Killed a large bag of meat
    64 | D        | Noticed a meat beast
    65 | D        | Killed a tyrant
    66 | D        | Reached XP level 27. HP: 110/323 MP: 25/54
    67 | D        | Killed a meat beast
    67 | D        | Killed a dread
    67 | D        | Noticed a large bag of meat
    68 | D        | Reached skill level 15 in Slings
    68 | D        | Reached skill level 15 in Bows
    68 | D        | Reached skill level 15 in Crossbows
    68 | D        | Noticed a large bag of meat
    69 | D        | Killed a destroyer
    70 | D        | Noticed a destroyer
    72 | D        | Killed an accursed
    72 | D        | Noticed a destroyer
    72 | D        | Noticed an accursed
    73 | D        | Killed an accursed
    74 | D        | Killed a destroyer
    74 | D        | Noticed a meat beast
    75 | D        | Noticed a meat beast
    76 | D        | Killed a meat beast
    76 | D        | Noticed a destroyer
    77 | D        | Killed a large bag of meat
    78 | D        | Killed a destroyer
    80 | D        | Killed a meat beast
    81 | D        | Noticed a destroyer
    82 | D        | HP: 3/323 [meat berserker (55)]
    85 | D        | Killed a large bag of meat
    85 | D        | Noticed a tyrant
    85 | D        | Noticed an accursed
    86 | D        | Killed a tyrant
    86 | D        | Killed a destroyer
    87 | D        | Killed an accursed
    88 | D        | HP: 14/323 [something (15)]
    88 | D        | Killed from afar by an observer

Illustrated notes

Levels and vault maps discovered:
D:        meatsprint

Skill      XL: |  1  2  3  4  5  6  7  8  9 10 11 12 13 14 15 16 17 18 19 20 21 22 23 24 25 26 27 |
---------------+----------------------------------------------------------------------------------+-----
Fighting       | 19 21 23 25 27 | 27.0
Axes           | 3 5 7 10 12 15 18 22 27 | 27.0
Dodging        | 13 15 16 18 19 20 22 23 25 27 | 27.0
Stealth        | 5 8 10 12 13 15 18 19 22 26 27 | 27.0
Unarmed Combat | 13 15 16 18 19 20 22 24 26 27 | 27.0
Armour         | 6 8 11 12 14 17 19 21 26 27 | 27.0
Spellcasting   | 7 11 14 16 18 21 24 27 | 27.0
Invocations    | 7 11 13 16 18 21 23 27 | 27.0
Short Blades   | 7 10 13 14 16 18 24 | 24.9
Long Blades    | 6 9 11 13 15 17 22 | 22.6
Maces & Flails | 6 9 11 13 15 17 22 | 22.6
Polearms       | 6 10 12 14 16 18 24 | 24.4
Staves         | 6 10 12 14 16 18 24 | 24.4
Slings         | 5 7 9 11 12 14 19 | 19.4
Bows           | 5 7 9 11 12 14 19 | 19.4
Crossbows      | 5 7 9 11 12 14 19 | 19.4
Throwing       | 6 10 12 14 16 18 24 | 24.4
Shields        | 6 9 11 13 15 17 22 | 22.6
Conjurations   | 6 9 11 13 15 17 22 | 22.6
Hexes          | 7 10 12 14 16 18 24 | 24.9
Summonings     | 7 10 12 14 16 18 24 | 24.9
Necromancy     | 7 10 12 14 16 18 24 | 24.9
Translocations | 7 10 12 14 16 18 24 | 24.9
Transmutations | 7 10 12 14 16 18 24 | 24.9
Fire Magic     | 7 10 12 14 16 18 24 | 24.9
Ice Magic      | 7 10 12 14 16 18 24 | 24.9
Air Magic      | 7 10 12 14 16 18 24 | 24.9
Earth Magic    | 7 10 12 14 16 18 24 | 24.9
Poison Magic   | 7 10 13 14 16 18 24 | 24.9
Evocations     | 6 9 11 13 15 17 23 | 23.1

Action                   |  1- 3 |  4- 6 |  7- 9 | 10-12 | 13-15 | 16-18 | 19-21 | 22-24 | 25-27 || total
-------------------------+-------+-------+-------+-------+-------+-------+-------+-------+-------++-------
Melee: Executioner's axe |     1 |       |       |     2 |     3 |     6 |     9 |     6 |    28 ||    55
  Use: Potion            |       |       |       |       |       |       |       |       |     1 ||     1
Dodge: Dodged            |       |       |       |       |       |       |     4 |     2 |       ||     6

Table legend: (Time is in decaauts)
 A = Elapsed time spent in this place.
 B = Non-inter-level travel time spent in this place.
 C = Inter-level travel time spent in this place.
 D = Time resting spent in this place.
 E = Time spent auto-exploring this place.
 F = Levels seen in this place.
 G = Mean time per level.
                   A        B        C        D        E       F      G
               +--------+--------+--------+--------+--------+-----+--------+
         Total |     78 |     78 |      0 |      0 |      0 |   1 |   78.0 |
       Dungeon |     78 |     78 |      0 |      0 |      0 |   1 |   78.0 |
               +--------+--------+--------+--------+--------+-----+--------+

Top non-repeatable levels by time:
       D: 78 daAuts
